NCAA
NEBRASKA CORNHUSKERS @ CREIGHTON BLUE JAYS
05/07/2029
 
TOP OF THE 1ST
Nebraska Cornhuskers batting - Pitching for Creighton Blue Jays : RHP Tommy Estes
Pitching: RHP Tommy Estes
Batting: RHB Ronald Hodge 0-0: Swinging Strike
0-1: Foul Ball, location: 2F
0-2: Ball
1-2: Foul Ball, location: 2F
1-2: Strikes out swinging
Batting: RHB John Carr 0-0: Ball
1-0: Swinging Strike
1-1: SINGLE (Groundball, 6MD)
Batting: LHB Luis García 0-0: Ball
1-0: Foul Ball, location: 2F
1-1: Foul Ball, location: 2F
1-2: Strikes out swinging
Batting: LHB Wes Britton 0-0: Foul Ball, location: 2F
0-1: Ball
1-1: Ball
2-1: SINGLE (Flyball, 89S)
John Carr to second
Batting: SHB David Stanley 0-0: SINGLE (Line Drive, 78S)
John Carr to third
Wes Britton to second
Runner from 3rd tries for Home, SAFE, throw made home
Batting: LHB Edmund Bilbrey 0-0: Called Strike
0-1: Ball
1-1: Foul Ball, location: 2F
1-2: Ball
2-2: Ball
3-2: Base on Balls
Wes Britton to third
David Stanley to second
Batting: LHB Scott Perkins 0-0: Foul Ball, location: 2F
0-1: Ball
1-1: Hit by Pitch
Wes Britton scores
David Stanley to third
Edmund Bilbrey to second
Batting: RHB Pedro Martínez 0-0: Ball
1-0: Called Strike
1-1: Ball
2-1: Swinging Strike
2-2: Ball
3-2: Foul Ball, location: 2F
3-2: Ground out 6-3 (Groundball, 6M)
Top of the 1st over - 2 runs, 3 hits, 0 errors, 3 left on base; Nebraska 2 - Creighton 0
BOTTOM OF THE 1ST
Creighton Blue Jays batting - Pitching for Nebraska Cornhuskers : RHP Bob Curtis
Pitching: RHP Bob Curtis
Batting: LHB Bernard Lane 0-0: Ball
1-0: Ball
2-0: Ball
3-0: Base on Balls
Batting: RHB Enrico De Jesús 0-0: Foul Ball, location: 2F
0-1: Foul Ball, location: 2F
0-2: 2-RUN HOME RUN (Flyball, 7LD), Distance : 369 ft
Batting: RHB Carlos Gómez 0-0: Ball
1-0: Called Strike
1-1: Ground out U3 (Groundball, 34)
Batting: SHB Brian Estes 0-0: Fly out, F9 (Flyball, 9)
Batting: RHB Lucas Archer 0-0: Ball
1-0: Foul Ball, location: 2F
1-1: SOLO HOME RUN (Flyball, 7LD), Distance : 367 ft
Batting: LHB Ismael Báez 0-0: SINGLE (Line Drive, 8LS)
Batting: LHB David Trent 0-0: Called Strike
0-1: Ball
1-1: Called Strike
1-2: Ball
2-2: Ground out 6-3 (Groundball, 6MS)
Bottom of the 1st over - 3 runs, 3 hits, 0 errors, 1 left on base; Nebraska 2 - Creighton 3
TOP OF THE 2ND
Nebraska Cornhuskers batting - Pitching for Creighton Blue Jays : RHP Tommy Estes
Batting: SHB Conner Whitney 0-0: SOLO HOME RUN (Flyball, 9LD), Distance : 340 ft
Batting: RHB Ronald Hodge 0-0: Ball
1-0: Ball
2-0: Called Strike
2-1: Ball
3-1: Foul Ball, location: 2F
3-2: Base on Balls
Batting: RHB John Carr 0-0: Called Strike
0-1: Ball
1-1: Ball
2-1: Called Strike
2-2: Strikes out swinging
Batting: LHB Luis García 0-0: Ball
1-0: Ball
2-0: Ball
3-0: Base on Balls
Ronald Hodge to second
Batting: LHB Wes Britton 0-0: Fly out, F9 (Flyball, 89D)
Runner from 2nd tags up, SAFE at 3rd, no throw
Batting: SHB David Stanley 0-0: Swinging Strike
0-1: Foul Ball, location: 2F
0-2: Strikes out looking
Top of the 2nd over - 1 run, 1 hit, 0 errors, 2 left on base; Nebraska 3 - Creighton 3
BOTTOM OF THE 2ND
Creighton Blue Jays batting - Pitching for Nebraska Cornhuskers : RHP Bob Curtis
Batting: LHB Mike Collier 0-0: Swinging Strike
0-1: Ball
1-1: Called Strike
1-2: Ball
2-2: Foul Ball, location: 2F
2-2: Strikes out swinging
Batting: LHB Quinton Workman 0-0: Foul Ball, location: 2F
0-1: Ground out 4-3 (Groundball, 4)
Batting: LHB Bernard Lane 0-0: Ball
1-0: Called Strike
1-1: Foul Ball, location: 2F
1-2: Fly out, F3 (Popup, 34S)
Bottom of the 2nd over - 0 runs, 0 hits, 0 errors, 0 left on base; Nebraska 3 - Creighton 3
TOP OF THE 3RD
Nebraska Cornhuskers batting - Pitching for Creighton Blue Jays : RHP Tommy Estes
Batting: LHB Edmund Bilbrey 0-0: Ball
1-0: Called Strike
1-1: Foul Ball, location: 2F
1-2: Foul Ball, location: 2F
1-2: SINGLE (Line Drive, 34)
Batting: LHB Scott Perkins 0-0: Ball
1-0: Called Strike
1-1: Swinging Strike
1-2: Strikes out swinging
Batting: RHB Pedro Martínez 0-0: Ball
1-0: Foul Ball, location: 2F
1-1: Ball
2-1: Ball
3-1: Fly out, F5 (Line Drive, 56)
Batting: SHB Conner Whitney 0-0: Foul Ball, location: 2F
0-1: Ball
1-1: SINGLE (Flyball, 7S)
Edmund Bilbrey to second
Batting: RHB Ronald Hodge 0-0: Foul Ball, location: 2F
0-1: Fly out, F9 (Flyball, 89S)
Top of the 3rd over - 0 runs, 2 hits, 0 errors, 2 left on base; Nebraska 3 - Creighton 3
BOTTOM OF THE 3RD
Creighton Blue Jays batting - Pitching for Nebraska Cornhuskers : RHP Bob Curtis
Batting: RHB Enrico De Jesús 0-0: Fly out, F9 (Flyball, 9LM)
Batting: RHB Carlos Gómez 0-0: Called Strike
0-1: Ball
1-1: Called Strike
1-2: Ball
2-2: Strikes out looking
Batting: SHB Brian Estes 0-0: Called Strike
0-1: Ball
1-1: Fly out, F4 (Popup, 4S)
Bottom of the 3rd over - 0 runs, 0 hits, 0 errors, 0 left on base; Nebraska 3 - Creighton 3
TOP OF THE 4TH
Nebraska Cornhuskers batting - Pitching for Creighton Blue Jays : RHP Tommy Estes
Batting: RHB John Carr 0-0: Ball
1-0: Ball
2-0: Ball
3-0: Called Strike
3-1: Called Strike
3-2: SINGLE (Groundball, 56D)
Batting: LHB Luis García 0-0: Ball
1-0: Foul Ball, location: 2F
1-1: Fielders Choice at 2nd, 5-4 (Groundball, 5)
Pitching: RHP Phillip Greene
Batting: LHB Wes Britton 0-0: Swinging Strike
0-1: Fielders Choice at 2nd, 5-4 (Groundball, 56)
Batting: SHB David Stanley 0-0: Ball
1-0: Foul Ball, location: 2F
1-1: Fly out, F9 (Flyball, 9)
Top of the 4th over - 0 runs, 1 hit, 0 errors, 1 left on base; Nebraska 3 - Creighton 3
BOTTOM OF THE 4TH
Creighton Blue Jays batting - Pitching for Nebraska Cornhuskers : RHP Bob Curtis
Batting: RHB Lucas Archer 0-0: Fly out, F8 (Flyball, 89D)
Batting: LHB Ismael Báez 0-0: Hit by Pitch
Batting: LHB David Trent 0-0: Ball
1-0: Swinging Strike
1-1: Ball
2-1: Called Strike
2-2: Foul Ball, location: 2F
2-2: Ball
3-2: Strikes out swinging
Batting: LHB Mike Collier 0-0: Ball
1-0: Foul Ball, location: 2F
1-1: SINGLE (Line Drive, 9S)
Ismael Báez to second
Batting: LHB Quinton Workman 0-0: Ball
1-0: Ball
2-0: SINGLE (Line Drive, 9S)
Ismael Báez to third
Mike Collier to second
Batting: LHB Bernard Lane 0-0: Ball
1-0: Ball
Wild Pitch!
Ismael Báez scores
Mike Collier to third
Quinton Workman to second
2-0: Ball
3-0: Base on Balls
Batting: RHB Enrico De Jesús 0-0: Ball
1-0: Foul Ball, location: 2F
1-1: SINGLE (Groundball, 6D)
Mike Collier scores
Quinton Workman to third
Bernard Lane to second
Runner from 3rd tries for Home, throw and OUT!
Bottom of the 4th over - 2 runs, 3 hits, 0 errors, 2 left on base; Nebraska 3 - Creighton 5
TOP OF THE 5TH
Nebraska Cornhuskers batting - Pitching for Creighton Blue Jays : RHP Phillip Greene
Batting: LHB Edmund Bilbrey 0-0: Called Strike
0-1: Swinging Strike
0-2: Foul Ball, location: 2F
0-2: Ground out U3 (Groundball, 34S)
Batting: LHB Scott Perkins 0-0: Ball
1-0: Ball
2-0: Called Strike
2-1: Foul Ball, location: 2F
2-2: Ball
3-2: Foul Ball, location: 2F
3-2: Foul Ball, location: 2F
3-2: Ground out 4-3 (Groundball, 4)
Batting: RHB Pedro Martínez 0-0: Ball
1-0: Foul Ball, location: 2F
1-1: Ball
2-1: Ball
3-1: Base on Balls
Batting: SHB Conner Whitney 0-0: Called Strike
0-1: Called Strike
0-2: Ball
1-2: Strikes out swinging
Top of the 5th over - 0 runs, 0 hits, 0 errors, 1 left on base; Nebraska 3 - Creighton 5
BOTTOM OF THE 5TH
Creighton Blue Jays batting - Pitching for Nebraska Cornhuskers : RHP Bob Curtis
Pitching: RHP Juan Sánchez
Batting: RHB Carlos Gómez 0-0: Ball
1-0: Ball
2-0: Fly out, F8 (Flyball, 89D)
Batting: SHB Brian Estes 0-0: Ball
1-0: SOLO HOME RUN (Flyball, 9D), Distance : 379 ft
Batting: RHB Lucas Archer 0-0: Ball
1-0: Called Strike
1-1: Ball
2-1: SOLO HOME RUN (Flyball, 9LD), Distance : 332 ft
Batting: LHB Ismael Báez 0-0: Ball
1-0: Ball
2-0: Ball
3-0: Called Strike
3-1: Base on Balls
Batting: LHB David Trent 0-0: Ball
1-0: Called Strike
1-1: Swinging Strike
1-2: SINGLE (Groundball, 56S) (infield hit)
Ismael Báez to second
Batting: LHB Mike Collier 0-0: Foul Ball, location: 2F
0-1: Ball
1-1: Swinging Strike
1-2: Strikes out swinging
Batting: LHB Quinton Workman 0-0: Ball
1-0: Ball
Wild Pitch!
Ismael Báez to third
David Trent to second
2-0: 3-RUN HOME RUN (Flyball, 9LD), Distance : 340 ft
Batting: LHB Bernard Lane 0-0: Called Strike
0-1: Ball
1-1: Foul Ball, location: 2F
1-2: Foul Ball, location: 2F
1-2: Foul Ball, location: 2F
1-2: Fly out, F7 (Flyball, 7S)
Bottom of the 5th over - 5 runs, 4 hits, 0 errors, 0 left on base; Nebraska 3 - Creighton 10
TOP OF THE 6TH
Nebraska Cornhuskers batting - Pitching for Creighton Blue Jays : RHP Phillip Greene
Batting: RHB Ronald Hodge 0-0: Called Strike
0-1: Ball
1-1: Ball
2-1: Called Strike
2-2: Strikes out looking
Batting: RHB John Carr 0-0: Ball
1-0: Foul Ball, location: 2F
1-1: Swinging Strike
1-2: Fly out, F9 (Flyball, 9)
Batting: LHB Luis García 0-0: Foul Ball, location: 2F
0-1: Ball
1-1: Ball
2-1: Ball
3-1: Ground out 4-3 (Groundball, 4M)
Top of the 6th over - 0 runs, 0 hits, 0 errors, 0 left on base; Nebraska 3 - Creighton 10
BOTTOM OF THE 6TH
Creighton Blue Jays batting - Pitching for Nebraska Cornhuskers : RHP Juan Sánchez
Batting: RHB Enrico De Jesús 0-0: Called Strike
0-1: Swinging Strike
0-2: Foul Ball, location: 2F
0-2: Ball
1-2: Ball
2-2: Foul Ball, location: 2F
2-2: Fly out, F7 (Flyball, 78M)
Batting: RHB Carlos Gómez 0-0: Called Strike
0-1: Called Strike
0-2: Ball
1-2: Ball
2-2: Strikes out looking
Batting: SHB Brian Estes 0-0: Ball
1-0: Ball
2-0: Called Strike
2-1: Ball
3-1: Base on Balls
Batting: RHB Lucas Archer 0-0: Ball
1-0: Ball
2-0: Ball
3-0: Base on Balls
Brian Estes to second
Batting: LHB Ismael Báez 0-0: Ground out U3 (Groundball, 34S)
Bottom of the 6th over - 0 runs, 0 hits, 0 errors, 2 left on base; Nebraska 3 - Creighton 10
TOP OF THE 7TH
Nebraska Cornhuskers batting - Pitching for Creighton Blue Jays : RHP Phillip Greene
Batting: LHB Wes Britton 0-0: Called Strike
0-1: Swinging Strike
0-2: Ball
1-2: SINGLE (Line Drive, 34D)
Batting: SHB David Stanley 0-0: Called Strike
0-1: Swinging Strike
0-2: Ball
1-2: Strikes out swinging
Batting: LHB Edmund Bilbrey 0-0: Ball
1-0: Called Strike
1-1: Called Strike
1-2: Ball
2-2: Ball
3-2: Grounds into double play, 3-6-3 (Groundball, 3)
Top of the 7th over - 0 runs, 1 hit, 0 errors, 0 left on base; Nebraska 3 - Creighton 10
BOTTOM OF THE 7TH
Creighton Blue Jays batting - Pitching for Nebraska Cornhuskers : RHP Juan Sánchez
Batting: LHB David Trent 0-0: Ball
1-0: Ball
2-0: Foul Ball, location: 2F
2-1: Called Strike
2-2: Ball
3-2: Base on Balls
Pitching: RHP Henry Lockyer
Batting: LHB Mike Collier 0-0: Ball
1-0: Called Strike
1-1: Ball
2-1: Called Strike
2-2: Strikes out swinging
Batting: LHB Quinton Workman 0-0: Called Strike
0-1: Foul Ball, location: 2F
0-2: Strikes out swinging
Batting: LHB Bernard Lane 0-0: Ground out 3-1 (Groundball, 34)
Bottom of the 7th over - 0 runs, 0 hits, 0 errors, 1 left on base; Nebraska 3 - Creighton 10
TOP OF THE 8TH
Nebraska Cornhuskers batting - Pitching for Creighton Blue Jays : RHP Phillip Greene
Batting: LHB Scott Perkins 0-0: Foul Ball, location: 2F
0-1: Foul Ball, location: 2F
0-2: Hit by Pitch
Pitching: RHP Bob Roy
Batting: RHB Pedro Martínez 0-0: SINGLE (Groundball, 6MD)
Scott Perkins to second
Batting: SHB Conner Whitney 0-0: Ball
1-0: Called Strike
1-1: Ball
2-1: SINGLE (Groundball, 56D)
Scott Perkins to third
Pedro Martínez to second
Batting: RHB Ronald Hodge 0-0: Ball
1-0: Called Strike
1-1: Ball
2-1: Fly out, F3 (Popup, 3L)
Batting: RHB John Carr 0-0: Called Strike
0-1: Swinging Strike
0-2: Ball
1-2: SINGLE (Groundball, 6MD)
Scott Perkins scores
Pedro Martínez to third
Conner Whitney to second
Batting: LHB Luis García 0-0: Ball
1-0: Fielders Choice at 2nd, 6-4 (Groundball, 6)
Pedro Martínez scores
Conner Whitney to third
Batting: LHB Wes Britton 0-0: Called Strike
0-1: Foul Ball, location: 2F
0-2: Ball
1-2: Ball
2-2: Ball
3-2: Foul Ball, location: 2F
3-2: SINGLE (Groundball, 6M) (infield hit)
Conner Whitney scores
Luis García to second
Batting: SHB David Stanley 0-0: Called Strike
0-1: Ball
1-1: Swinging Strike
1-2: Strikes out looking
Top of the 8th over - 3 runs, 4 hits, 0 errors, 2 left on base; Nebraska 6 - Creighton 10
BOTTOM OF THE 8TH
Creighton Blue Jays batting - Pitching for Nebraska Cornhuskers : RHP Henry Lockyer
Batting: RHB Enrico De Jesús 0-0: Ball
1-0: Fly out, F6 (Line Drive, 6M)
Batting: RHB Carlos Gómez 0-0: Swinging Strike
0-1: Called Strike
0-2: Ball
1-2: Foul Ball, location: 2F
1-2: Ball
2-2: Ball
3-2: Foul Ball, location: 2F
3-2: Strikes out swinging
Batting: SHB Brian Estes 0-0: Called Strike
0-1: Ball
1-1: Swinging Strike
1-2: Ground out 4-3 (Groundball, 4)
Bottom of the 8th over - 0 runs, 0 hits, 0 errors, 0 left on base; Nebraska 6 - Creighton 10
TOP OF THE 9TH
Nebraska Cornhuskers batting - Pitching for Creighton Blue Jays : RHP Bob Roy
Pitching: LHP Gilbert Burris
Batting: LHB Edmund Bilbrey 0-0: SINGLE (Flyball, 9)
Batting: LHB Scott Perkins 0-0: Called Strike
0-1: Ball
1-1: Ball
2-1: Foul Ball, location: 2F
2-2: Strikes out swinging
Batting: RHB Pedro Martínez 0-0: Swinging Strike
0-1: Swinging Strike
0-2: Hit by Pitch
Edmund Bilbrey to second
Batting: SHB Conner Whitney 0-0: Ball
1-0: Foul Ball, location: 2F
1-1: Ball
2-1: Ball
3-1: Base on Balls
Edmund Bilbrey to third
Pedro Martínez to second
Batting: RHB Ronald Hodge 0-0: Ball
1-0: Called Strike
1-1: Ball
2-1: Foul Ball, location: 2F
2-2: Strikes out looking
Batting: RHB John Carr 0-0: Called Strike
0-1: Ball
1-1: Swinging Strike
1-2: Foul Ball, location: 2F
1-2: Foul Ball, location: 2F
1-2: Ball
2-2: Strikes out swinging
Top of the 9th over - 0 runs, 1 hit, 0 errors, 3 left on base; Nebraska 6 - Creighton 10
Saturday, December 16th, 2017 - OOTP Baseball 18.8 Build 76